 Dungeon Crawl Stone Soup version 0.22.1-2-g9c5b331 (webtiles) character file.

124 Stepladder the Skirmisher (level 5, -4/70 HPs)
             Began as a Hill Orc Abyssal Knight on Nov 14, 2018.
             Was a Believer of Lugonu.
             Killed by divine providence
             ... invoked by an orc priest
              (11 damage)
             ... on level 4 of the Dungeon.
             The game lasted 00:12:24 (3415 turns).

Stepladder the Skirmisher (Hill Orc Abyssal Knight) Turns: 3415, Time: 00:12:25

Health: -4/70      AC: 22    Str: 16    XL:     5   Next: 8%
Magic:  8/8        EV:  2    Int: 12    God:    Lugonu [**....]
Gold:   192        SH:  0    Dex: 10    Spells: 2/4 levels left

rFire    . . .     SeeInvis .   a - +1 hand axe
rCold    . . .     Gourm    .   (no shield)
rNeg     + + +     Faith    .   (armour currently unavailable)
rPois    +         Spirit   .   (helmet currently unavailable)
rElec    .         Reflect  .   (cloak currently unavailable)
rCorr    .         Harm     .   (gloves currently unavailable)
MR       .....     NoTele   +   (boots currently unavailable)
Stlth    +.........             (no amulet)
HPRegen  0.21/turn              (no ring)
MPRegen  0.11/turn              (no ring)

@: tree-form (expiring), very slightly contaminated
A: no striking features
a: Depart the Abyss, Bend Space, Renounce Religion, Convert to Beogh


You were on level 4 of the Dungeon.
You worshipped Lugonu.
Lugonu was pleased with you.
You were not hungry.
You were a tree.
You visited 1 branch of the dungeon, and saw 4 of its levels.
You visited the Abyss 1 time.

You collected 192 gold pieces.

Inventory:

Hand Weapons
 a - a +1 hand axe (weapon)
 o - a +0 trident
Missiles
 f - 85 stones (quivered)
Armour
 d - a +1 pair of gloves (melded)
 g - a scarf of repulsion (melded)
 n - a +0 plate armour (melded)
 s - a +0 chain mail
Jewellery
 r - an uncursed ring of wizardry {unknown}
Scrolls
 p - a scroll of remove curse {unknown}
 q - a scroll of fog {unknown}
Potions
 e - a potion of lignification
 i - 2 potions of brilliance {unknown}
 j - a potion of ambrosia {unknown}
 k - 4 potions of curing {unknown}
 m - a potion of might {unknown}
 t - a potion of heal wounds {unknown}
Comestibles
 c - 8 rations


   Skills:
 + Level 4.7 Fighting
 + Level 4.3 Axes
 + Level 2.6 Armour
 - Level 0.7 Dodging
 + Level 4.1 Invocations


You had 2 spell levels left.
You knew the following spells:

 Your Spells              Type           Power        Failure   Level  Hunger
a - Animate Skeleton      Necr           N/A          32%         1    ##.....
b - Apportation           Tloc           #.....       32%         1    ##.....

Your spell library contained the following spells:

 Spells                   Type           Power        Failure   Level  Hunger
 Confusing Touch          Hex            #.....       32%         1    ##.....
 Summon Small Mammal      Summ           #...         32%         1    ##.....


Dungeon Overview and Level Annotations

Branches:
Dungeon (4/15)
 Temple: D:4-7

Altars:
Ashenzari
Okawaru
Uskayaw
The Shining One


Message History

You hit the orc priest.
The orc priest is moderately wounded.
You hit the orc.
The orc priest hits you but does no damage.
The orc hits you but does no damage.
You hit the orc priest.
The orc priest is moderately wounded.
You hit the orc but do no damage.
Your transformation is almost over.
The orc priest threatens, "By the altar or by the axe, you will meet Beogh!"
The orc hits you but does no damage.
The orc priest calls upon Beogh to heal the orc.
The orc's wounds heal themselves!
The orc hits you but does no damage.
You hit the orc priest but do no damage.
The orc priest is moderately wounded.
You barely miss the orc. You closely miss the orc.
The orc hits you but does no damage.
The orc priest calls down the wrath of Beogh upon you.
Beogh smites you!
You die...

#.# ....
###.####################
......................#
#.#o..#...#...#...#..#
#..................._#
#.#..o#...#...#...#..#
#...o♣oS.............#
...###<####################
#...............
################


You could see an orc priest, 3 orcs and a ball python.

Vanquished Creatures
  A worker ant (D:4)
  4 adders
  3 worms (D:2)
  2 dart slugs
  2 leopard geckos (D:2)
  2 orcs (D:3)
  4 bats
  3 giant cockroaches
  4 goblins
  4 hobgoblins
  3 jackals (D:3)
  2 ball pythons
  2 frilled lizards
  5 kobolds
  8 rats
49 creatures vanquished.

Notes
Turn   | Place    | Note
-------+----------+-------------------------------------------
     0 | Abyss:1  | Stepladder the Hill Orc Abyssal Knight began the quest for
                  | the Orb.
     0 | Abyss:1  | Reached XP level 1. HP: 19/19 MP: 2/2
    13 | D:1      | Escaped the Abyss
   469 | D:1      | Found an iron altar of Okawaru.
   523 | D:1      | Reached XP level 2. HP: 27/27 MP: 4/4
  1536 | D:2      | Reached XP level 3. HP: 33/33 MP: 5/5
  1544 | D:2      | Learned a level 1 spell: Animate Skeleton
  1546 | D:2      | Learned a level 1 spell: Apportation
  1663 | D:2      | Found an iron altar of Okawaru.
  1836 | D:2      | Reached ** piety under Lugonu
  1905 | D:2      | Reached XP level 4. HP: 37/41 MP: 6/6
  1981 | D:2      | Found a faded altar of an unknown god.
  2032 | D:2      | Found a glowing golden altar of the Shining One.
  2452 | D:3      | Found a shattered altar of Ashenzari.
  2484 | D:3      | Noticed an orc warrior
  3373 | D:4      | Reached XP level 5. HP: 24/47 MP: 8/8
  3398 | D:4      | Found a hide-covered altar of Uskayaw.
  3415 | D:4      | Killed from afar by an orc priest

Skill      XL: |  1  2  3  4 |
---------------+-------------+-----
Axes           | 3 4 |  4.3
Fighting       | 4 |  4.7
Invocations    | 3 4 |  4.1
Armour         | |  2.6
Dodging        | |  0.7

Action                   |  1- 3 |  4- 6 || total
-------------------------+-------+-------++-------
Melee: Hand axe          |   106 |    42 ||   148
       Trident           |       |    78 ||    78
Throw: Stone             |     8 |       ||     8
Invok: Bend Space        |       |     1 ||     1
  Use: Scroll            |       |     4 ||     4
       Potion            |       |     1 ||     1
  Eat: Chunk             |     3 |     5 ||     8
Armor: Leather armour    |    13 |       ||    13
       Plate armour      |    48 |    94 ||   142
       Skin              |       |     7 ||     7
Dodge: Dodged            |    36 |    28 ||    64
       Deflected         |       |     2 ||     2
